 Seeded DCSS version 0.30-a0-800-g7c544603b3 (webtiles) character file.

Game seed: 8796237800415217726 (custom seed)

1 BigDaddyOpFi the Shield-Bearer (level 1, 14/14 HPs)
             Began as a Gargoyle Fighter on Feb 21, 2023.
             Got out of the dungeon alive.
             The game lasted 00:00:59 (73 turns).

BigDaddyOpFi the Shield-Bearer (Gargoyle Fighter)     Turns: 73, Time: 00:00:59

Health: 14/14      AC:  9    Str: 19    XL:     1   Next: 20%
Magic:  1/1        EV:  9    Int:  8    God:
Gold:   872        SH:  4    Dex:  9    Spells: 0/0 levels left

rFire   . . .      SeeInvis .    a - +0 war axe
rCold   . . .      Faith    .    c - +0 buckler
rNeg    + . .      Spirit   .    b - +0 scale mail
rPois   ∞          Reflect  .    (no helmet)
rElec   +          Harm     .    (no cloak)
rCorr   .          Rampage  .    (no gloves)
Will    .....                    (no boots) Stlth
                                 (no amulet)
HPRegen 0.22/turn                (no ring)
MPRegen 0.07/turn                (no ring)

@: no status effects
A: sickness immunity, AC +2, negative energy resistance 1, electricity
resistance, torment resistance 1, petrification resistance
a: no special abilities


You escaped.
You visited 1 branch of the dungeon, and saw 1 of its levels.

You collected 872 gold pieces.

Inventory:

Hand Weapons
 a - a +0 war axe (weapon)
Armour
 b - a +0 scale mail (worn)
 c - a +0 buckler (worn)
Scrolls
 e - a scroll of acquirement
Potions
 d - a potion of might
 f - a potion of berserk rage {unknown}


   Skills:
 + Level 3.3 Fighting
 + Level 1.8 Axes
 + Level 3.3 Armour
 + Level 3.3 Shields


You couldn't memorise any spells.
You didn't know any spells.
Your spell library was empty.

Dungeon Overview and Level Annotations

Branches:
Dungeon (1/15)

Altars:

Shops:
D:1 :


Innate Abilities, Weirdness & Mutations

You are immune to sickness and miasma.
Your stone body is resilient. (AC +2)
You are immune to poison.
You resist negative energy. (rN+)
You are resistant to electric shocks. (rElec)
You are resistant to unholy torment.
You are immune to petrification.


Message History

Found a purple potion.
Found an escape hatch in the floor.
Found a ruby potion.
A ball python comes into view.
Found an escape hatch in the floor.
You closely miss the ball python.
The ball python bites you but does no damage.
The ball python closely misses you.
The ball python bites you but does no damage.
The ball python grabs you. The ball python constricts you.
You closely miss the ball python.
The ball python bites you but does no damage.
The ball python constricts you.
The ball python bites you but does no damage.
The ball python constricts you.
You slash the ball python!
You kill the ball python!
Found 19 gold pieces.
Found Veoliky's Book Emporium.
You see here a ball python corpse.
Found 3 scrolls labelled INYSAVINALE and a grey potion.
A rat comes into view.
You block the rat's attack.
You hit the rat but do no damage. The rat barely misses you.
You hit the rat.
You kill the rat!
e - 3 scrolls labelled INYSAVINALE This is a scroll of acquirement!
Something appears at your feet!
You now have 853 gold pieces.
Something appears at your feet!
You now have 872 gold pieces (gained 19).
You see here a ball python corpse.
Found a buckler.
Found a stone staircase leading down.
Found an escape hatch in the floor.
Found 6 stones and a pink potion.
f - a purple potion
There is a staircase leading out of the dungeon here.
Are you sure you want to leave the Dungeon?
This will make you lose the game!
Alright, then stay!
Are you sure you want to leave the Dungeon?
This will make you lose the game!
You have escaped!

.. .#......... .
........ # ♣♣♣♣.
.........# ♣. ∩∩.♣♣
.>[>!...# ♣♣∩
..∩♣♣.........
♣∩..♣♣♣..∩♣♣........
♣∩...@...∩♣♣.#!....#
♣∩..♣♣♣..∩♣♣...(#
♣♣∩.....∩♣♣..#..#
♣♣♣∩.∩♣♣♣♣.># .#
.♣♣♣♣.♣♣♣♣.### #
#..♣♣.♣♣..## #. ##
#.......## #.# ..
###..#..# #.####.#
##...## #.#....#


There were no monsters in sight!

Vanquished Creatures
  A ball python (D:1)
  A rat (D:1)
2 creatures vanquished.

Notes
Turn   | Place    | Note
-------+----------+-------------------------------------------
     0 | D:1      | BigDaddyOpFi the Gargoyle Fighter began the quest for the
                  | Orb.
     0 | D:1      | Reached XP level 1. HP: 14/14 MP: 1/1
    15 | D:1      | Found Veoliky's Book Emporium.
    32 | D:1      | Identified 3 scrolls of acquirement
    32 | D:1      | Acquired 853 gold pieces
    34 | D:1      | Acquired a +2 spectral lajatang
    73 | D:$      | Got out of the dungeon alive.

Illustrated notes

Levels and vault maps discovered:
D:1:      heliophobic_arrival_henge, layout_rooms, serial_shops, shop_statue

Action                     || total
---------------------------++-------
  Melee: War axe           ||     5
    Use: Scroll            ||     2
 Armour: Scale mail        ||     4
  Dodge: Dodged            ||     2
  Block: Buckler           ||     1

Table legend: (Time is in decaauts)
 A = Elapsed time spent in this place.
 B = Non-inter-level travel time spent in this place.
 C = Inter-level travel time spent in this place.
 D = Time resting spent in this place.
 E = Time spent auto-exploring this place.
 F = Levels seen in this place.
 G = Mean time per level.
                   A        B        C        D        E       F      G
               +--------+--------+--------+--------+--------+-----+--------+
         Total |     75 |     75 |      0 |      0 |      0 |   1 |   75.0 |
       Dungeon |     75 |     75 |      0 |      0 |      0 |   1 |   75.0 |
               +--------+--------+--------+--------+--------+-----+--------+

Top non-repeatable levels by time:
     D:1: 75 daAuts
